 Dungeon Crawl Stone Soup version 0.31.0-11-ge490571c62 (webtiles) character file.

Game seed: 5153603381711216766

16 ezpacito the Trooper (level 2, -4/24 HPs)
             Began as a Demonspawn Berserker on Jan 30, 2024.
             Was a Follower of Trog.
             Succumbed to a scorpion's poison
             ... on level 2 of the Dungeon.
             The game lasted 00:00:59 (795 turns).

ezpacito the Trooper (Demonspawn Berserker)          Turns: 795, Time: 00:01:01

Health: -4/24      AC:  2    Str: 14 (17) XL:     2   Next: 41%
Magic:  2/2        EV: 12    Int:  5 (7)  God:    Trog [*.....]
Gold:   70         SH:  0    Dex:  9 (12) Spells: 1/1 levels left

rFire   . . .        a - +0 hand axe
rCold   . . .        (no shield)
rNeg    . . .        b - +0 animal skin
rPois   .            (no helmet)
rElec   .            (no cloak)
rCorr   .            (no gloves)
SInv    .            (no boots)
Will    .....        (no amulet)
Stlth   +            (no ring)
HPRegen 0.24/turn    (no ring)
MPRegen 0.08/turn

%: no passive effects
@: lethally poisoned (-4 -> -31), invisible
A: powered by pain 1
a: Renounce Religion, Berserk


You were on level 2 of the Dungeon.
You worshipped Trog.
Trog was aware of your devotion.
You visited 1 branch of the dungeon, and saw 2 of its levels.

You collected 70 gold pieces.

Inventory:

Hand Weapons
 a - a +0 hand axe (weapon)
Missiles
 e - 10 stones (quivered)
 h - 2 poisoned darts
 i - 3 boomerangs
Armour
 b - a +0 animal skin (worn)
Wands
 k - a wand of paralysis (7)
Scrolls
 c - a scroll of revelation {unknown}
 f - 2 scrolls of identify {unknown}
 j - a scroll of amnesia {unknown}


   Skills:
 * Level 3.2 Fighting
 * Level 3.0 Axes
 * Level 1.8 Armour
 + Level 1.9 Dodging
 * Level 0.3 Stealth
 * Level 0.2 Unarmed Combat


You had one spell level left.
You didn't know any spells.
Your spell library contained the following spells:

 Spells                   Type           Power      Damage    Failure   Level
 Necrotise                Necr           0%         1d4       47%         1
 Inner Flame              Hex/Fire       0%         N/A       85%         3
 Vampiric Draining        Necr           0%         2d6       85%         3
 Flame Wave               Conj/Fire      0%         2d4       99%         4
 Martyr's Knell           Necr/Summ      0%         N/A       99%         4
 Sticky Flame             Fire/Alch      0%         2d4       99%         4
 Curse of Agony           Necr           0%         N/A       100%        5


Dungeon Overview and Level Annotations

Branches:
Dungeon (2/15)

Altars:


Innate Abilities, Weirdness & Mutations

You sometimes gain a little power by taking damage.


Message History

The scorpion is lightly wounded.
The scorpion closely misses you. The scorpion stings you.
You hit the scorpion but do no damage.
The scorpion is lightly wounded.
The scorpion stings you.
You hit the scorpion but do no damage.
The scorpion is lightly wounded.
The scorpion closely misses you.
You hit the scorpion but do no damage. You punch the scorpion.
The scorpion is moderately wounded.
The scorpion barely misses you. The scorpion stings you.
You are poisoned.
The scorpion poisons you!
You hit the scorpion but do no damage.
The scorpion is moderately wounded.
You feel very sick. The scorpion stings you.
You are lethally poisoned!
The scorpion poisons you!
You are too injured to fight recklessly!
You are too injured to fight recklessly!
You are too injured to fight recklessly!
You are too injured to fight recklessly!
You are too injured to fight recklessly!
You are too injured to fight recklessly!
You are too injured to fight recklessly!
You are too injured to fight recklessly!
Okay, then.
It was a potion of degeneration.
There was something very wrong with that liquid.
You feel weakened.
You feel dopey.
You feel clumsy.
* * * LOW HITPOINT WARNING * * *
You feel very sick. The scorpion stings you.
* * * LOW HITPOINT WARNING * * *
You are more poisoned.
The scorpion poisons you!
It was a potion of invisibility.
You fade into invisibility!
You die...

#..# #..# #... #..
### #[. ..# ..####
#.# #.# ..... #s#
#.### .....
##@###...# #.# #
#........# #.# #
#.#†#.#...# ##.###
#.##.##...######...##
#. #.................
# ####...######...##
#.#..# #..### ..##..#
#.## # ### #..#
####.####


You could see a scorpion (unable to see you).

Vanquished Creatures
  3 ball pythons (D:1)
  An endoplasm (D:1)
  2 goblins (D:1)
  2 hobgoblins (D:1)
  A kobold (D:1)
  A quokka (D:2)
  A bat (D:1)
  A frilled lizard (D:1)
  3 rats (D:1)
15 creatures vanquished.

Notes
Turn   | Place    | Note
-------+----------+-------------------------------------------
     0 | D:1      | ezpacito the Demonspawn Berserker began the quest for the
                  | Orb.
     0 | D:1      | Reached XP level 1. HP: 18/18 MP: 1/1
   219 | D:1      | Gained mutation: You sometimes gain a little power by
                  | taking damage. [demonic ancestry]
   219 | D:1      | Reached XP level 2. HP: 24/24 MP: 2/2
   786 | D:2      | Noticed a scorpion
   795 | D:2      | Succumbed to a scorpion's poison

Illustrated notes

Levels and vault maps discovered:
D:1:      elethiomel_arrival_fortress_basement, layout_rooms
D:2:      layout_loops_ring, serial_shops, nicolae_shop_just_a_little_nook,
          kennysheep_generic_room_6

Skill      XL: |  1  2 |
---------------+-------+-----
Axes           | 3 |  3.0
Fighting       | |  3.2
Armour         | |  1.8
Dodging        | |  1.9
Stealth        | |  0.3
Unarmed Combat | |  0.2

Action                     || total
---------------------------++-------
  Melee: Hand axe          ||    46
         Punch             ||     1
    Use: Potion            ||     2
   Stab: Sleeping          ||     1
 Armour: Animal skin       ||    24
  Dodge: Dodged            ||    33
